 Dungeon Crawl Stone Soup version 0.19.5 (webtiles) character file.

54 Hybris the Vexing (level 4, 25/25 HPs)
             Began as a Kobold Arcane Marksman on Mar 26, 2017.
             Quit the game on level 1 of the Dungeon on Mar 28, 2017.
             The game lasted 00:08:30 (1151 turns).

Hybris the Vexing (Kobold Arcane Marksman)          Turns: 1151, Time: 00:08:30

Health: 25/25      AC:  2    Str:  8    XL:     4   Next: 12%
Magic:  5/5        EV: 15    Int: 14    God:
Gold:   32         SH:  0    Dex: 15    Spells: 2 memorised, 1 level left

rFire  . . .     SeeInvis .     a - +0 shortbow
rCold  . . .     Gourm    .     e - +0 robe
rNeg   . . .     Faith    .     (shield currently unavailable)
rPois  .         Spirit   .     (no helmet)
rElec  .         Reflect  .     (no cloak)
rCorr  .         Harm     .     (no gloves)
MR     .....                    (no boots)
Stlth  +.........               (no amulet)
                                (no ring)
                                (no ring)

@: no status effects
A: carnivore 3
a: no special abilities


You were on level 1 of the Dungeon.
You were not hungry.

You visited 1 branch of the dungeon, and saw 2 of its levels.

You collected 32 gold pieces.

Inventory:

Hand Weapons
 a - a +0 shortbow (weapon)
Missiles
 d - 23 arrows (quivered)
Armour
 e - a +0 robe (worn)
Scrolls
 g - a scroll of identify {unknown}
Books
 c - a book of Debilitation

   Spells                             Type                      Level
   a - Corona                         Hexes                        1
   b - Slow                           Hexes                        2
   c - Gell's Gravitas                Hexes/Translocation          3
   d - Inner Flame                    Hexes/Fire                   3
   e - Cause Fear                     Hexes                        4
   f - Leda's Liquefaction            Hexes/Earth                  4
Comestibles
 f - a meat ration


   Skills:
 - Level 1.1 Fighting
 + Level 3.3 Bows
 - Level 2.4 Dodging
 - Level 1.1 Spellcasting
 + Level 3.8 Hexes


You had one spell level left.
You knew the following spells:

 Your Spells              Type           Power        Failure   Level  Hunger
a - Corona                Hex            ##.....      6%          1    ##.....
b - Inner Flame           Hex/Fire       #.......     38%         3    ####...


Dungeon Overview and Level Annotations

Branches:
Dungeon (2/15)

Altars:


Innate Abilities, Weirdness & Mutations

You are small and have problems with some larger weapons.
You are carnivorous and can eat meat at any time.


Message History

There is a lethal amount of poison in your body!
You are confused.
You feel invigorated.
You feel sick.
You start resting.
You feel sick.
You feel less invigorated.
You feel less confused.
You start resting.
You feel sick. x9
You are no longer poisoned.
You start resting.
HP restored.
d - 23 arrows (gained 11) Done exploring.
Welcome back, Hybris the Kobold Arcane Marksman.
Press ? for a list of commands and other information.
(D) Dungeon
Where to? (? - help)
Okay, then.
Wear which item? (? for menu, Esc to quit)
Okay, then.
Are you sure you want to abandon this character and quit the game? (Confirm with "yes".)

..............#..#....# #.#
......######..#..#....# #.#
......######..#..#....# #.#
...........#..#..#.#..# #.####
......####.#.......#..#####....##
...)..# #.#....................#
......# #.##.........#####..#..#
..#.######....##.##.###...#..#..#
..#...........#.@##..##.#.#..#..#
..###########..##..####......#..#
..##....#......##.>######....####
.......#.........##..# ######
[...)#...#.....#.##.##
###....#.........####
#..#...#.......# #....#..##.....#
##....####.....#


There were no monsters in sight!

Vanquished Creatures
  2 adders (D:1)
  2 dart slugs (D:1)
  A leopard gecko (D:1)
  A giant cockroach (D:1)
  6 hobgoblins (D:1)
  A frilled lizard (D:1)
  4 goblins (D:1)
  7 kobolds (D:1)
  8 rats (D:1)
32 creatures vanquished.

Notes
Turn   | Place    | Note
-------+----------+-------------------------------------------
     0 | D:1      | Hybris the Kobold Arcane Marksman began the quest for the Orb.
     0 | D:1      | Reached XP level 1. HP: 12/12 MP: 2/2
    92 | D:1      | Reached XP level 2. HP: 16/16 MP: 3/3
   262 | D:1      | Reached XP level 3. HP: 18/20 MP: 4/4
   352 | D:1      | Learned a level 3 spell: Inner Flame
   974 | D:1      | Reached XP level 4. HP: 9/25 MP: 5/5
  1151 | D:1      | Quit the game

Skill      XL: |  1  2  3 |
---------------+----------+-----
Bows           | 3 |  3.3
Fighting       | |  1.1
Dodging        | |  2.4
Spellcasting   | |  1.1
Hexes          | |  3.8

Action                   |  1- 3 |  4- 6 || total
-------------------------+-------+-------++-------
Melee: Shortbow          |     3 |       ||     3
 Fire: Shortbow          |   101 |       ||   101
 Cast: Corona            |     1 |       ||     1
  Use: Potion            |     3 |     1 ||     4
  Eat: Chunk             |     2 |       ||     2
Armor: Robe              |     6 |       ||     6
Dodge: Dodged            |    56 |       ||    56
